 Seeded DCSS version 0.29-a0-344-ge2f44be95a (webtiles) character file.

Game seed: 1450950038153131384 (custom seed)

42 zeratav the Firebug (level 3, 0/21 HPs)
             Began as an Octopode Fire Elementalist on Apr 22, 2022.
             Slain by a kobold
             ... wielding a +0 dagger
              (4 damage)
             ... on level 2 of the Dungeon.
             The game lasted 00:01:45 (1784 turns).

zeratav the Firebug (Octopode Fire Elementalist)    Turns: 1784, Time: 00:01:45

Health: 0/21       AC:  1    Str:  7    XL:     3   Next: 56%
Magic:  1/6        EV: 13    Int: 19    God:
Gold:   30         SH:  0    Dex: 18    Spells: 3/6 levels left

rFire   . . .      SeeInvis .   n - +1 dagger (venom) {short}
rCold   . . .      Faith    .   (no shield)
rNeg    . . .      Spirit   .   (helmet restricted)
rPois   .          Reflect  .   (no amulet)
rElec   .          Harm     .   l - +6 ring of dexterity
rCorr   .          Rampage  .   (no ring)
Will    .....                   (no ring)
Stlth   +++.......              (no ring)
HPRegen 0.07/turn               (no ring)
MPRegen 0.10/turn               (no ring)
                                (no ring)
                                (no ring)

@: lethally poisoned (0 -> -3)
A: almost no armour, amphibious, 8 rings, camouflage 1, gelatinous body 1,
(nimble swimmer 1), tentacles
a: no special abilities


You were on level 2 of the Dungeon.
You visited 1 branch of the dungeon, and saw 2 of its levels.

You collected 30 gold pieces.


Innate Abilities, Weirdness & Mutations

You cannot wear most types of armour.
You are amphibious.
You can wear up to eight rings at the same time.
Your skin changes colour to match your surroundings (Stealth+).
Your rubbery body absorbs attacks. (AC +1, EV +1)
((You are camouflaged when in or above water. (Stealth+)))
You have tentacles for arms and can constrict up to eight enemies at once.


   Skills:
 - Level 2.0 Dodging
 - Level 2.6 Stealth
 - Level 2.0 Spellcasting
 - Level 1.0 Conjurations
 + Level 4.5 Fire Magic


You had 3 spell levels left.
You knew the following spells:

 Your Spells              Type           Power      Damage    Failure   Level
a - Foxfire               Conj/Fire      48%        2x1d6     5%          1
b - Scorch                Fire           38%        2d6       4%          2

Your spell library contained the following spells:

 Spells                   Type           Power      Damage    Failure   Level
 Conjure Flame            Conj/Fire      12%        6-21      16%         3
 Inner Flame              Hex/Fire       10%        N/A       21%         3
 Portal Projectile        Hex/Tloc       2%         N/A       45%         3
 Flame Wave               Conj/Fire      12%        2d6       47%         4
 Fireball                 Conj/Fire      6%         3d5       83%         5
 Blade Hands              Tmut           0%         N/A       99%         5
 Excruciating Wounds      Necr           0%         N/A       99%         5
 Starburst                Conj/Fire      6%         6d4       100%        6
 Ignition                 Fire           9%         3d5       100%        8

Inventory:

Hand Weapons
 b - a +0 great sword of freezing {long}
   (You found it on level 1 of the Dungeon)
 j - a +0 whip {mace}
   (You took it off a kobold on level 1 of the Dungeon)
 n - a +1 dagger of venom (weapon) {short}
   (You took it off a kobold on level 2 of the Dungeon)
Jewellery
 l - a +6 ring of dexterity (left tentacle)
   (You found it on level 1 of the Dungeon)
Scrolls
 c - a scroll of teleportation {unknown}
 f - 2 scrolls of enchant armour {unknown}
 g - 2 scrolls of identify {unknown}
Potions
 a - a potion of magic
 d - 2 potions of berserk rage {unknown}
 e - a potion of haste {unknown}
 h - a potion of degeneration {unknown}
 i - a potion of flight {unknown}
 k - a potion of invisibility {unknown}
 m - a potion of attraction {unknown}

Dungeon Overview and Level Annotations

Branches:
Dungeon (2/15)

Altars:

.#.###########.......
...............>....
#............###.#+ .
#............#..... ..
#............#..... ...
#......$.....#..... ....
#............##....
.....###†#######.#######.
.......J@........# #.
#......†K.......# #.
#...............# ##
#...............#
#.....)..........#
#.##............ #
#............
......#......
......##......


You could see an endoplasm (very poisoned) and a kobold.


Message History

You hit the ball python.
You kill the ball python!
No target in view!
No target in view!
No target in view!
No target in view!
No target in view!
No target in view!
No target in view!
No target in view!
No target in view!
No target in view!
No target in view!
No target in view!
No target in view!
No target in view!
You see here a ball python corpse.
There is a stone staircase leading down here.
A kobold comes into view. It is wielding a +1 dagger of venom.
HP[+3]
Your hp is fully restored (21).
Flames lash the kobold.
You kill the kobold!
MP[-2]
You lost 2 mp, and now have 4/6 mp.
No target in view!
n - a +1 dagger of venom {short}
f - 2 scrolls labelled ERRALYM ZEOSTRA (gained 1) MP[+2]
Your mp is fully restored (6).
Your +1 dagger of venom {short} begins to drip with poison!
n - a +1 dagger of venom (weapon)
{short} An adder comes into view.
An adder is nearby!
An endoplasm comes into view.
The helpless adder fails to defend itself.
You puncture the adder!
You kill the adder!
An endoplasm is nearby!
An endoplasm and a bat come into view.
You see here an adder corpse.
A kobold comes into view. It is wielding a +0 dagger.
The kobold shouts!
The endoplasm quivers.
You hear an angry hiss.
Flames lash the endoplasm.
The endoplasm's fire resistance burns away.
The endoplasm quivers.
You hear a shout!
The endoplasm barely misses you.
MP[-2]
You lost 2 mp, and now have 4/6 mp.
Flames lash the endoplasm.
The endoplasm is burned terribly!
You kill the endoplasm!
MP[-2]
You lost 2 mp, and now have 2/6 mp.
A kobold comes into view. It is wielding a +0 dagger.
An adder comes into view.
Flames lash the kobold.
You kill the kobold!
MP[-2]
You lost 2 mp, and now have 0/6 mp.
You hit the endoplasm. The endoplasm hits you.
HP[-1]
You take 1 damage, and now have 20/21 hp.
You hit the endoplasm.
You squeeze the endoplasm, but do no damage.
The endoplasm freezes you.
You are frozen.
HP[-3]
You take 3 damage, and now have 17/21 hp.
You hit the endoplasm but do no damage. The endoplasm hits you.
HP[-1]
You take 1 damage, and now have 16/21 hp.
The endoplasm attacks as you move away! The endoplasm hits you.
HP[-1]
You take 1 damage, and now have 15/21 hp.
You hit the endoplasm.
The endoplasm is poisoned.
The endoplasm barely misses you.
You closely miss the adder. You grab the adder. You constrict the adder.
The adder bites you.
You are poisoned.
The adder poisons you! The endoplasm hits you. The adder misses you.
HP[-4] MP[+1]
You take 4 damage, and now have 11/21 hp.
You hit the adder. You squeeze the adder. You constrict the adder.
You feel sick. The endoplasm completely misses you. The adder bites you.
* * * LOW HITPOINT WARNING * * *
The kobold hits you with a +0 dagger.
* * * LOW HITPOINT WARNING * * *
HP[-3]
You take 3 damage, and now have 8/21 hp.
You hit the adder.
You kill the adder!
You feel sick. The endoplasm freezes you.
You are frozen.
* * * LOW HITPOINT WARNING * * *
The kobold hits you with a +0 dagger.
You die...

Skill      XL: |  1  2 |
---------------+-------+-----
Fire Magic     | 4 |  4.5
Dodging        | |  2.0
Stealth        | |  2.6
Spellcasting   | |  2.0
Conjurations   | |  1.0

Action                   || total
-------------------------++-------
Melee: Unarmed           ||    12
       Constrict         ||    11
       Tentacles         ||    10
       Whip              ||    17
       Dagger            ||     8
 Cast: Foxfire           ||     3
       Scorch            ||    17
 Stab: Sleeping          ||     6
Armor: Skin              ||     2
Dodge: Dodged            ||    23

Levels and vault maps discovered:
D:1:      minmay_arrival_three_doors, layout_loops_corners
D:2:      cheibrodos_helix_gallery, layout_basic,
          nicolae_ecumenical_lake_church, kennysheep_nub

Notes
Turn   | Place    | Note
-------+----------+-------------------------------------------
     0 | D:1      | zeratav the Octopode Fire Elementalist began the quest for
                  | the Orb.
     0 | D:1      | Reached XP level 1. HP: 11/11 MP: 3/3
     0 | D:1      | magus.rc [v1.9.6]
   118 | D:1      | HP: 2/11 [hobgoblin (4)]
   120 | D:1      | Reached XP level 2. HP: 4/17 MP: 1/5
   500 | D:1      | Learned a level 2 spell: Scorch
   737 | D:1      | You pick up a book of Fire and begin reading...
   737 | D:1      | You add the spells Fireball, Starburst and Ignition to your
                  | library.
  1057 | D:1      | Reached skill level 4 in Fire Magic
  1283 | D:1      | Reached XP level 3. HP: 21/21 MP: 6/6
  1592 | D:1      | You pick up a book of Weapons and begin reading...
  1592 | D:1      | You add the spells Portal Projectile, Excruciating Wounds
                  | and Blade Hands to your library.
  1784 | D:2      | HP: 4/21 [frozen (3)]
  1784 | D:2      | Slain by a kobold

Vanquished Creatures
  2 adders (D:2)
  A dart slug (D:1)
  A bat (D:1)
  3 endoplasms
  2 giant cockroaches (D:1)
  A goblin (D:1)
  3 hobgoblins (D:1)
  5 jackals (D:1)
  4 kobolds
  3 ball pythons
  2 frilled lizards (D:1)
  2 rats (D:1)
29 creatures vanquished.

Vanquished Creatures (others)
  4 foxfires (D:1)
4 creatures vanquished.

Grand Total: 33 creatures vanquished

Table legend:
 A = Non-vault XP
 B = Vault XP
 C = Vault XP percentage of total XP
 D = Non-vault monster count
 E = Vault monster count
 F = Vault count percentage of total count
                 A         B        C        D         E       F
            +---------+---------+-------+---------+---------+-------
      Total |      61 |      13 |  17.6 |      28 |       1 |   3.4
            +---------+---------+-------+---------+---------+-------
        D:1 |      41 |       0 |   0.0 |      23 |       0 |   0.0
        D:2 |      20 |      13 |  39.4 |       5 |       1 |  16.7
            +---------+---------+-------+---------+---------+-------

Illustrated notes

Table legend:
 A = Kills in this place as a percentage of kills in entire the game.
 B = Kills by you in this place as a percentage of kills by you in the entire game.
 C = Kills by friends in this place as a percentage of kills by friends in the entire game.
 D = Other kills in this place as a percentage of other kills in the entire game.
 E = Experience gained in this place as a percentage of experience gained in the entire game.
 F = Experience gained in this place divided by the number of levels of this place that you have seen.
                   A       B       C       D       E      F
               +-------+-------+-------+-------+-------+----------------------
         Total | 100.0 | 100.0 |   N/A |   N/A | 100.0 |  37.0
       Dungeon | 100.0 | 100.0 |   N/A |   N/A | 100.0 |  37.0
               +-------+-------+-------+-------+-------+----------------------

Table legend: (Time is in decaauts)
 A = Elapsed time spent in this place.
 B = Non-inter-level travel time spent in this place.
 C = Inter-level travel time spent in this place.
 D = Time resting spent in this place.
 E = Time spent auto-exploring this place.
 F = Levels seen in this place.
 G = Mean time per level.
                   A        B        C        D        E       F      G
               +--------+--------+--------+--------+--------+-----+--------+
         Total |   1783 |   1777 |      6 |    360 |   1255 |   2 |  891.5 |
       Dungeon |   1783 |   1777 |      6 |    360 |   1255 |   2 |  891.5 |
               +--------+--------+--------+--------+--------+-----+--------+

Top non-repeatable levels by time:
     D:1: 1627 daAuts
     D:2: 156 daAuts
